 Dungeon Crawl Stone Soup version 0.29-a0-775-g4d7333d4e2 (webtiles) character file.

Game seed: 1735044810734026179

3059 tsouns the Jinx (level 9, -4/52 HPs)
             Began as a Deep Elf Enchanter on July 1, 2022.
             Was a Priest of Wu Jian.
             Slain by a wraith (14 damage)
             ... on level 9 of the Dungeon.
             The game lasted 00:15:20 (7626 turns).

tsouns the Jinx (Deep Elf Enchanter)                Turns: 7626, Time: 00:15:21

Health: -4/52      AC:  5    Str:  5    XL:     9   Next: 57%
Magic:  18/18      EV: 13    Int: 31    God:    Wu Jian [***...]
Gold:   157        SH:  0    Dex: 15    Spells: 6/17 levels left

rFire   + . .      SeeInvis .   a - +4 dagger (venom)
rCold   . . .      Faith    .   (no shield)
rNeg    . . .      Spirit   .   y - +0 robe {Archmagi}
rPois   .          Reflect  .   r - +0 helmet
rElec   .          Harm     +   l - scarf {harm}
rCorr   .          Rampage  .   (no gloves)
Will    .....      Archmagi +   d - +1 pair of boots
Stlth   ++++......              s - amulet of regeneration
HPRegen 0.97/turn               j - +6 ring of intelligence
MPRegen 0.16/turn               t - ring of protection from fire

@: lethally poisoned (-4 -> -10), slowed, very slow
A: no striking features
a: Renounce Religion, Wall Jump, Serpent's Lash


You were on level 9 of the Dungeon.
You worshipped Wu Jian.
Wu Jian was most pleased with you.
You visited 1 branch of the dungeon, and saw 9 of its levels.

You collected 415 gold pieces.
You spent 258 gold pieces at shops.

Inventory:

Hand Weapons
 a - a +4 dagger of venom (weapon)
 w - a +0 dagger of speed
Missiles
 C - a curare-tipped dart (quivered)
Armour
 d - a +1 pair of boots (worn)
 l - a scarf of harm (worn)
 r - a +0 helmet (worn)
 y - a +0 robe of the Archmagi (worn)
Jewellery
 h - an amulet of magic regeneration
 i - an amulet of guardian spirit
 j - a +6 ring of intelligence (left hand)
 s - an amulet of regeneration (around neck)
 t - a ring of protection from fire (right hand)
 v - an amulet of the acrobat
Wands
 p - a wand of iceblast (7)
 F - a wand of charming (18)
Scrolls
 b - 2 scrolls of identify
 g - 2 scrolls of immolation
 k - a scroll of brand weapon
 u - 2 scrolls of teleportation
 B - a scroll of magic mapping
 D - a scroll of fog
 E - a scroll of torment
Potions
 c - a potion of invisibility
 e - 5 potions of curing
 f - a potion of degeneration
 m - 2 potions of ambrosia
 n - 2 potions of lignification
 o - 2 potions of mutation
 q - 2 potions of magic
 x - 2 potions of berserk rage
 z - 2 potions of heal wounds
 A - a potion of attraction
 G - a potion of cancellation
 H - a potion of resistance {unknown}


   Skills:
 + Level 4.0 Fighting
 + Level 6.0 Short Blades
 - Level 4.3 Dodging
 + Level 8.7 Stealth
 - Level 4.9 Spellcasting
 + Level 8.8 Hexes
 + Level 5.4 Ice Magic


You had 6 spell levels left.
You knew the following spells:

 Your Spells              Type           Power      Damage    Failure   Level
a - Ensorcelled Hibernat  Hex/Ice        100%       N/A       1%          2
b - Confusing Touch       Hex            76%        N/A       1%          3
c - Tukima's Dance        Hex            76%        N/A       1%          3
d - Dazzling Flash        Conj/Hex       100%       N/A       2%          3

Your spell library contained the following spells:

 Spells                   Type           Power      Damage    Failure   Level
 Beastly Appendage        Tmut           22%        N/A       5%          1
 Sandblast                Erth           22%        2d7       5%          1
 Passwall                 Tmut/Erth      9%         N/A       9%          2
 Mephitic Cloud           Conj/Pois/Air  11%        N/A       17%         3
 Hailstorm                Conj/Ice       37%        3d9       19%         4
 Ice Form                 Ice/Tmut       37%        N/A       19%         4
 Yara's Violent Unravell  Hex/Tmut       25%        3d11      24%         5
 Passage of Golubria      Tloc           11%        N/A       50%         4
 Petrify                  Tmut/Erth      11%        N/A       50%         4
 Fireball                 Conj/Fire      5%         3d5       83%         5
 Iskenderun's Battlesphe  Conj           11%        2d7       83%         5
 Simulacrum               Ice/Necr       18%        N/A       95%         6
 Conjure Ball Lightning   Conj/Air       5%         3x3d6     100%        6
 Orb of Destruction       Conj           5%         9d5       100%        7
 Necromutation            Tmut/Necr      5%         N/A       100%        8


Dungeon Overview and Level Annotations

Branches:
Dungeon (9/15)             Temple (0/1) D:4
   Lair: D:8-11         Orc: D:9-12

Altars:
Cheibriados
Fedhas
Vehumet
Wu Jian

Shops:
D:1 [   D:7 *([[[

Annotations:
D:7 3 runed translucent doors, Zebulonius's ghost, novice DECj


Message History

Casting: Ensorcelled Hibernation (safe; 1% risk of failure)
Confirm with . or Enter, or press ? or * to list all spells.
Aiming: Ensorcelled Hibernation (safe; 1% risk of failure)
Press: ? - help, Shift-Dir - straight line, f/p - killer bee
Aim: a killer bee (chance to affect: 78%)
You feel a surge of power!
The killer bee looks drowsy...
You feel sick.
The helpless killer bee fails to defend itself.
You perforate the killer bee like a sieve!!!
You kill the killer bee!
The Council accepts your kill.
Your Short Blades skill increases to level 6!
You feel sick.
Items here: ( ) [ ††.
Okay, then.
You feel sick.
You are no longer poisoned.
HP restored.
Magic restored.
Done exploring.
There is a stone staircase leading down, spattered with blood here.
You climb downwards.
The killer bee closely misses you. The killer bee stings you!
The killer bee stings you. The killer bee closely misses you.
The howler monkey misses you. The wraith hits you.
The wraith drains your vigour!
You feel yourself slow down. The killer bee stings you.
You are poisoned.
The killer bee poisons you! The killer bee closely misses you.
There is a stone staircase leading up, spattered with blood here.
You feel very sick. The killer bee closely misses you.
The killer bee stings you.
You are more poisoned.
The killer bee poisons you!
The howler monkey hoots and howls with incredible vigour!
The killer bee barely misses you. x2
The killer bee stings you but does no damage.
The wraith barely misses you. The howler monkey closely misses you.
The killer bee barely misses you. The killer bee stings you!
* * * LOW HITPOINT WARNING * * *
The killer bee misses you. The wraith hits you!
You die...

>....<...
.......!.
.........
.....$..##
.#.#.....#
.........#
.#.#..y.h#
......y@y#
.#.#...W!#
>.......##
.#.#...##
......#
......
######


You could see a wraith, a howler monkey (catching breath) and 3 killer bees.

Vanquished Creatures
  A two-headed ogre (D:6)
  Grinder (D:4)
  A steam dragon (D:8)
  A water moccasin (D:6)
  A sky beast (D:7)
  An orc warrior (D:8)
  A black bear (D:5)
  2 centaurs
  A phantom (D:4)
  2 kobold brigands (D:8)
  Blork the orc (D:4)
  A gnoll sergeant (D:8)
  4 bullfrogs
  A scorpion (D:7)
  A necrophage (D:5)
  8 killer bees (D:8)
  2 howler monkeys
  3 hounds
  An orc priest (D:4)
  3 iguanas
  2 orc wizards
  5 gnolls (D:8)
  6 adders
  A white imp (D:7)
  3 dart slugs
  14 orcs
  2 bats
  5 endoplasms
  5 giant cockroaches
  9 goblins
  8 hobgoblins
  3 jackals (D:2)
  3 quokkas
  13 ball pythons
  5 frilled lizards
  15 kobolds
  5 rats
141 creatures vanquished.

Vanquished Creatures (others)
  A fungus (D:2)
  11 plants (D:4)
12 creatures vanquished.

Grand Total: 153 creatures vanquished

Notes
Turn   | Place    | Note
-------+----------+-------------------------------------------
     0 | D:1      | tsouns the Deep Elf Enchanter began the quest for the Orb.
     0 | D:1      | Reached XP level 1. HP: 10/10 MP: 6/6
    22 | D:1      | Found Emoniv's Antique Armour Emporium.
   433 | D:1      | Reached XP level 2. HP: 13/15 MP: 8/8
   498 | D:1      | Learned a level 2 spell: Ensorcelled Hibernation
   900 | D:1      | Reached XP level 3. HP: 15/19 MP: 1/9
   969 | D:1      | Learned a level 3 spell: Confusing Touch
   996 | D:1      | Learned a level 3 spell: Tukima's Dance
  1165 | D:2      | Found a blossoming altar of Fedhas.
  1671 | D:2      | Found a faded altar of an unknown god.
  1692 | D:2      | Got Plato's Grimoire of the Mountains
  1693 | D:2      | Prayed at the altar of an unknown god.
  1693 | D:2      | Became a worshipper of the Wu Jian Council
  1693 | D:2      | Reached * piety under Wu Jian
  2185 | D:3      | Identified the +2 ring mail of Immorality {Fly Str+4 Int-3}
  2221 | D:3      | Found a snail-covered altar of Cheibriados.
  2509 | D:3      | Reached XP level 4. HP: 24/24 MP: 8/11
  2990 | D:4      | Noticed a sky beast
  3066 | D:4      | Noticed Grinder
  3084 | D:4      | Killed Grinder
  3085 | D:4      | Reached skill level 5 in Stealth
  3085 | D:4      | Reached skill level 5 in Hexes
  3085 | D:4      | Reached XP level 5. HP: 19/28 MP: 11/14
  3085 | D:4      | Reached XP level 6. HP: 22/32 MP: 11/15
  3419 | D:4      | Found a staircase to the Ecumenical Temple.
  3478 | D:4      | Reached ** piety under Wu Jian
  3503 | D:4      | Noticed Blork the orc
  3506 | D:4      | Killed Blork the orc
  3895 | D:5      | Entered Level 5 of the Dungeon
  3923 | D:4      | Reached skill level 1 in Ice Magic
  3923 | D:4      | Reached XP level 7. HP: 37/37 MP: 14/16
  3932 | D:5      | Reached skill level 1 in Fighting
  3990 | D:5      | Found a radiant altar of Vehumet.
  4665 | D:6      | Reached XP level 8. HP: 44/44 MP: 17/17
  4742 | D:6      | Noticed a two-headed ogre
  4747 | D:6      | Killed a two-headed ogre
  4929 | D:6      | Reached skill level 5 in Short Blades
  5396 | D:7      | Found Ysyingus's Antique Armour Shop.
  5404 | D:7      | Bought a brightly glowing leather armour for 203 gold
                  | pieces
  5404 | D:7      | Identified the +1 leather armour of the Bard {Int+4} (You
                  | bought it in a shop on level 7 of the Dungeon)
  5439 | D:7      | Found a runed translucent gate.
  5439 | D:7      | Found a runed translucent gate.
  5439 | D:7      | Found a runed translucent gate.
  5441 | D:7      | Noticed Zebulonius's ghost (novice DECj)
  5650 | D:7      | Found Himigaa's General Store.
  5657 | D:7      | Bought a potion of curing for 33 gold pieces
  5657 | D:7      | Bought a scroll of identify for 22 gold pieces
  5858 | D:7      | Got Dilu Ryo's Reference Book on Envenoming and Shape
                  | Shifting
  5924 | D:7      | Found Casireve's Antique Armour Boutique.
  5969 | D:7      | Reached XP level 9. HP: 47/51 MP: 9/18
  6030 | D:7      | Found Vifas's Antique Armour Emporium.
  6228 | D:7      | Found Xoep's Weapon Boutique.
  6541 | D:8      | Learned a level 3 spell: Dazzling Flash
  6623 | D:8      | Reached *** piety under Wu Jian
  6624 | D:8      | Reached skill level 5 in Ice Magic
  7626 | D:9      | Slain by a wraith

Illustrated notes

Levels and vault maps discovered:
D:1:      nzn_arrival_crosshair, layout_rooms, serial_shops,
          nicolae_shop_crystal
D:2:      layout_loops_cross, basic_altar, shapermc_ecumenical_altar_rom_forum
D:3:      layout_loops_ring, kennysheep_slug_shrine
D:4:      layout_gridville, temple_green, serial_bayou, serial_bayou_pond_e,
          serial_bayou_pond_a, serial_bayou_lagoon_a, serial_bayou_pond_e,
          serial_bayou_pond_e, serial_bayou_lake_a, lightli_corner_chamber,
          uniq_grinder, uniq_blork_the_orc, uniq_crazy_yiuf_cottage
D:5:      layout_rooms, fiery_altar_vehumet
D:6:      layout_cave_pods
D:7:      layout_basic, serial_shops, shop, shop_fountains,
          kennysheep_mini_moat, shop, shop, ebering_ghost_rock_garden
D:8:      layout_basic, minivault_10, hangedman_decor_peaks_small
D:9:      layout_rooms, st_stairs_2, uniq_grum

Skill      XL: |  1  2  3  4  5  6  7  8  9 |
---------------+----------------------------+-----
Stealth        | 4 5 6 7 8 |  8.7
Dodging        | 3 4 |  4.3
Short Blades   | 2 3 4 5 6 |  6.0
Spellcasting   | 4 |  4.9
Hexes          | 5 6 8 |  8.8
Ice Magic      | 1 2 4 5 |  5.4
Fighting       | 2 3 4 |  4.0

Action                   |  1- 3 |  4- 6 |  7- 9 || total
-------------------------+-------+-------+-------++-------
Melee: Dagger            |   129 |    73 |   102 ||   304
       Punch             |     1 |     1 |       ||     2
 Cast: Ensorcelled Hiber |    28 |    21 |    48 ||    97
       Confusing Touch   |       |     2 |     4 ||     6
       Dazzling Flash    |       |       |     7 ||     7
Invok: Lunge             |     4 |     9 |    20 ||    33
       Whirlwind         |     1 |     3 |     2 ||     6
 Abil: Wall Jump         |       |       |     1 ||     1
  Use: Scroll            |       |    13 |    10 ||    23
       Potion            |       |     1 |     1 ||     2
 Stab: Sleeping          |    33 |    20 |    44 ||    97
       Confused          |       |     2 |     3 ||     5
       Invisible         |       |       |     7 ||     7
Armor: Robe              |    18 |    12 |    15 ||    45
       Leather armour    |       |       |     1 ||     1
Dodge: Dodged            |    80 |    28 |    74 ||   182

Table legend: (Time is in decaauts)
 A = Elapsed time spent in this place.
 B = Non-inter-level travel time spent in this place.
 C = Inter-level travel time spent in this place.
 D = Time resting spent in this place.
 E = Time spent auto-exploring this place.
 F = Levels seen in this place.
 G = Mean time per level.
                   A        B        C        D        E       F      G
               +--------+--------+--------+--------+--------+-----+--------+
         Total |   7633 |   7411 |    222 |      0 |   6183 |   9 |  848.1 |
       Dungeon |   7633 |   7411 |    222 |      0 |   6183 |   9 |  848.1 |
               +--------+--------+--------+--------+--------+-----+--------+

Top non-repeatable levels by time:
     D:8: 1309 daAuts
     D:1: 1144 daAuts
     D:4: 1043 daAuts
     D:2: 923 daAuts
     D:7: 905 daAuts
     D:3: 832 daAuts
     D:6: 767 daAuts
     D:5: 663 daAuts
     D:9: 42 daAuts
